AoeStats
← Lt.Crabcake

Arabia

504553607Analyzed
2v2 RM · 25d ago on Sep 5, 2026· 40m 30s· 4 players
Game mode
Random Map
Map size
Medium (4 player)
Population
200
Speed
Normal
Resources
Standard
Victory
Conquest
Starting age
Dark Age
Ending age
Imperial Age
RankedLock teamsTeams togetherTeam positionsShared explorationLock speedFull tech treeHidden civsTurbo modeCheats
Victory
Defeat
🇸🇪 Magyars · Sweden
878
+13
🇸🇪 Maya · Sweden
840
+15
🇬🇧 Britons · United Kingdom
806
-14
🇬🇧 Persians · United Kingdom
806
-14
Hugh Jazzman
0:31 Loom
11:01 Feudal Age
11:39 Horse Collar
11:48 Double-Bit Axe
19:28 Castle Age
20:04 Fletching
19:45 Crossbowman
21:17 Bodkin Arrow
22:48 Padded Archer Armor
24:11 Wheelbarrow
24:03 Town Watch
25:58 Hand Cart
26:57 Bow Saw
28:15 Ballistics
28:53 Thumb Ring
28:12 Elite Skirmisher
29:37 Town Patrol
30:21 Leather Archer Armor
31:40 Pikeman
32:55 Scale Mail Armor
38:46 Imperial Age
37:05 Heavy Plow
38:19 Murder Holes
38:46 Hul'che Javelineers
38:52 Arbalester
39:57 Bracer
40:40 Conscription
Lt.Crabcake
7:50 Loom
11:55 Feudal Age
13:42 Double-Bit Axe
16:41 Horse Collar
19:09 Scale Barding Armor
20:20 Bloodlines
23:56 Castle Age
23:31 Wheelbarrow
24:02 Fletching
25:06 Bow Saw
24:48 Gold Mining
26:04 Husbandry
25:27 Light Cavalry
28:24 Chain Barding Armor
29:17 Heavy Plow
30:17 Stone Mining
30:43 Padded Archer Armor
31:21 Hand Cart
31:16 Bodkin Arrow
31:41 Leather Archer Armor
31:12 Pikeman
33:32 Elite Skirmisher
Jalomass
9:54 Loom
11:42 Feudal Age
18:07 Castle Age
18:02 Wheelbarrow
18:18 Fletching
18:30 Padded Archer Armor
19:35 Bodkin Arrow
19:46 Double-Bit Axe
19:48 Horse Collar
20:01 Crossbowman
23:25 Bloodlines
23:16 Husbandry
24:23 Scale Barding Armor
24:30 Forging
35:33 Town Watch
38:55 Imperial Age
TGKnighty
10:33 Feudal Age
11:20 Double-Bit Axe
21:30 Castle Age
21:34 Crossbowman
24:52 Horse Collar
26:39 Fletching
38:54 Bow Saw
Connection lost

Rejoining the realm…

Still unreachable

The connection could not be restored.

Session expired

The server has moved on; the page needs a fresh start.